 Dungeon Crawl Stone Soup version 0.21.1-1-g345015f (webtiles) character file.

7299 inc the Covert (level 11, 0/67 HPs)
             Began as an Octopode Fighter on June 12, 2018.
             Was an Initiate of Gozag.
             Slain by a two-headed ogre
             ... wielding a +0 dire flail
              (28 damage)
             ... on level 9 of the Dungeon.
             The game lasted 00:21:20 (9433 turns).

inc the Covert (Octopode Fighter)                   Turns: 9433, Time: 00:21:21

Health: 0/67       AC:  7    Str: 25    XL:     11   Next: 13%
Magic:  20/20      EV: 14    Int: 12    God:    Gozag
Gold:   618        SH: 11    Dex: 13    Spells: 10/10 levels left

rFire    . . .     SeeInvis .   r - +9 rapier of Wyrd {elec, rPois Str+5}
rCold    . . .     Gourm    .   b - +1 shield
rNeg     . . .     Faith    .   e - +1 hat
rPois    +         Spirit   .   (no amulet)
rElec    .         Reflect  .   f - +4 ring of strength
rCorr    .         Harm     .   l - ring of magical power
MR       +....                  o - ring of protection from magic
Stlth    +++++++...             d - ring of stealth
HPRegen  0.21/turn              L - +5 ring of protection
MPRegen  0.17/turn              (no ring)
                                (no ring)
                                (no ring)

@: gold aura
A: almost no armour, stealthy swim, amphibious, 8 rings, constrict 8, repulsion
field 1, camouflage 1, mutation resistance 1, gelatinous body 1
a: Potion Petition, Call Merchant, Bribe Branch, Renounce Religion


You were on level 9 of the Dungeon.
You worshipped Gozag.
Gozag was pleased with you.
You were not hungry.

You visited 2 branches of the dungeon, and saw 10 of its levels.

You collected 1362 gold pieces.
You spent 660 gold pieces at shops.
You paid 84 gold pieces to Gozag.

Inventory:

Hand Weapons
 a - a +1 flail
 r - the +9 rapier of Wyrd (weapon) {elec, rPois Str+5}
   (You found it on level 5 of the Dungeon)

   Occasionally, upon striking a foe, it will discharge some electrical energy
   and cause terrible harm.
   It affects your strength (+5).
   It protects you from poison.
Armour
 b - a +1 shield (worn)
 e - a +1 hat (worn)
Jewellery
 d - a ring of stealth (on tentacle)
 f - a +4 ring of strength (left tentacle)
 l - a ring of magical power (right tentacle)
 o - a ring of protection from magic (on tentacle)
 t - an uncursed ring of ice
 I - an uncursed ring of loudness
 L - a +5 ring of protection (on tentacle)
Wands
 s - a wand of digging (4)
 B - a wand of random effects (47)
 J - a wand of paralysis (17)
Scrolls
 i - 2 scrolls of fog
 m - a scroll of immolation
 n - 5 scrolls of teleportation
 p - 3 scrolls of identify
 q - 3 scrolls of amnesia
 v - 2 scrolls of enchant weapon
 y - 3 scrolls of remove curse
 H - 2 scrolls of fear
 K - a scroll of enchant armour
Potions
 g - 2 potions of heal wounds
 h - a potion of haste
 j - a potion of mutation
 k - 4 potions of resistance
 u - 3 potions of curing
 w - 3 potions of flight
 x - 2 potions of degeneration
 z - a potion of ambrosia
 A - a potion of might
 C - a potion of brilliance
 D - a potion of agility
 F - a potion of cancellation
 G - a potion of berserk rage
Books
 E - a book of Maledictions

   Spells                             Type                      Level
   a - Corona                         Hexes                        1
   b - Ensorcelled Hibernation        Hexes/Ice                    2
   c - Confuse                        Hexes                        3
   d - Tukima's Dance                 Hexes                        3
   e - Dazzling Spray                 Conjuration/Hexes            3
Comestibles
 c - 8 rations


   Skills:
 - Level 3.0 Fighting
 + Level 10.3 Short Blades
 - Level 9.0 Maces & Flails
 - Level 3.0 Dodging
 - Level 12.4 Stealth
 - Level 5.1 Shields


You had 10 spell levels left.
You didn't know any spells.

Dungeon Overview and Level Annotations

Branches:
Dungeon (9/15)             Temple (1/1) D:4
   Lair: D:8-11         Orc: D:9-12

Altars:
Ashenzari
Cheibriados
Dithmenos
Elyvilon
Fedhas
Gozag
Hepliaklqana
Kikubaaqudgha
Makhleb
Nemelex Xobeh
Okawaru
Qazlal
Ru
Sif Muna
Trog
Uskayaw
Vehumet
Wu Jian
Xom
Yredelemnul
Zin
The Shining One

Shops:
D:5 ?=*=   D:8 (

Portals:
Bailey: D:9

Annotations:
D:3 diana's ghost, weakling DsGl
D:4 masayah's ghost, amateur DrTm
D:7 2 transporters


Innate Abilities, Weirdness & Mutations

You cannot wear most types of armour.
You are very stealthy in the water. (Stealth+)
You are amphibious.
You can wear up to eight rings at the same time.
You can use your tentacles to constrict eight enemies at once.
Your skin changes colour to match your surroundings (Stealth+).
Your rubbery body absorbs attacks. (AC +1, EV +1)
You are surrounded by a mild repulsion field. (EV +2)
You are somewhat resistant to further mutation.


Message History

The two-headed ogre shouts in stereo!
You puncture the two-headed ogre!
Lightning courses through the two-headed ogre!
The two-headed ogre is no longer distracted by gold.
The two-headed ogre is heavily wounded.
You hear two shouts!
The two-headed ogre hits you with a dire flail!
The two-headed ogre barely misses you.
A two-headed ogre comes into view. It is wielding two giant clubs.
You hit the two-headed ogre.
Your squeeze misses the two-headed ogre.
The two-headed ogre is heavily wounded.
Unknown command.
You barely miss the two-headed ogre.
You squeeze the two-headed ogre, but do no damage.
The two-headed ogre is heavily wounded.
The two-headed ogre hits you with a dire flail!!
The two-headed ogre hits you with a giant club!!
You die...
Your body crumbles into a pile of gold.

#.......# ##.###
#...<...# #.###
#####'### #...#
###########..# ###..
.........##.## ##'
.....)...##.# #....
....)∩)..##.# #....
.....)O..##.# #...y
.O.....@.##.########..y.
....####.$.........+....
. +....##.########....
#######.# #.... #.# #.#
#.# ..# .##


You could see 2 two-headed ogres.

Vanquished Creatures
  3 two-headed ogres
  The ghost of diana the Carver, a novice DsGl of Gozag (D:8)
  A troll (D:9)
  Prince Ribbit (D:7)
  2 hippogriffs
  4 yaks (D:5)
  A wyvern (D:9)
  The ghost of inc the Shield-Bearer, an amateur OpFi (D:5)
  A water moccasin (D:8)
  A sky beast (D:5)
  An orc warrior (D:9)
  A black bear (D:8)
  3 ice beasts
  3 ogres
  A necrophage (D:6)
  3 centaurs
  A crocodile (D:7)
  3 bullfrogs
  A big kobold (D:8)
  3 scorpions
  8 killer bees
  2 howler monkeys (D:7)
  3 crimson imps
  7 hounds
  2 orc priests (D:8)
  A quasit (D:8)
  A centaur skeleton (D:5)
  2 jellies
  2 bullfrog skeletons (D:6)
  An iguana (D:6)
  2 orc wizards (D:8)
  2 worker ants
  A hound zombie (D:5)
  A hound skeleton (D:5)
  Robin (D:3)
  2 worker ant zombies
  11 gnolls
  12 adders
  2 shadow imps
  2 oozes
  An adder skeleton (D:6)
  3 worms
  A dart slug (D:1)
  3 leopard geckos
  13 orcs
  8 bats
  7 giant cockroaches
  15 goblins
  9 hobgoblins
  19 jackals
  11 kobolds
  3 quokkas
  8 frilled lizards
  A jackal zombie (D:8)
  A leopard gecko skeleton (D:5)
  2 quokka skeletons
  4 rats
210 creatures vanquished.

Notes
Turn   | Place    | Note
-------+----------+-------------------------------------------
     0 | D:1      | inc the Octopode Fighter began the quest for the Orb.
     0 | D:1      | Reached XP level 1. HP: 16/16 MP: 1/1
   165 | D:1      | Reached XP level 2. HP: 17/21 MP: 2/2
   382 | D:1      | Reached XP level 3. HP: 15/26 MP: 3/3
  1247 | D:2      | Reached XP level 4. HP: 25/31 MP: 4/4
  1258 | D:2      | Found a sparkling altar of Nemelex Xobeh.
  1878 | D:3      | Reached skill level 5 in Maces & Flails
  1878 | D:3      | Reached XP level 5. HP: 23/36 MP: 5/5
  2282 | D:3      | Noticed Robin
  2311 | D:3      | Killed Robin
  3051 | D:3      | Noticed diana's ghost (weakling DsGl)
  3289 | D:4      | Reached XP level 6. HP: 10/42 MP: 6/6
  3297 | D:4      | Noticed masayah's ghost (amateur DrTm)
  3852 | D:5      | Entered Level 5 of the Dungeon
  3911 | D:4      | Gained mutation: You are surrounded by a mild repulsion field. (EV +2) [potion of mutation]
  3911 | D:4      | Gained mutation: You are somewhat resistant to further mutation. [potion of mutation]
  4070 | D:4      | Found a staircase to the Ecumenical Temple.
  4172 | D:5      | Noticed a yak
  4172 | D:5      | Noticed a yak
  4172 | D:5      | Noticed a yak
  4173 | D:5      | Noticed a yak
  4236 | Temple   | Entered the Ecumenical Temple
  4260 | Temple   | Became a worshipper of Gozag Ym Sagoz the Greedy
  4391 | D:5      | Reached XP level 7. HP: 43/46 MP: 7/7
  4478 | D:5      | Noticed inc's ghost (amateur OpFi)
  4539 | D:5      | Found Nussuole's General Store.
  4620 | D:5      | Found Meath's Jewellery Shoppe.
  4692 | D:5      | Found Efruhoip's Magic Scroll Emporium.
  4723 | D:5      | Killed a yak
  4723 | D:5      | Reached XP level 8. HP: 16/52 MP: 8/8
  5038 | D:5      | Killed a yak
  5450 | D:5      | Found Amooquc's Jewellery Shop.
  5467 | D:5      | Got a scorched rapier
  5468 | D:5      | Identified the +9 rapier of Wyrd {elec, rPois Str+5} (You found it on level 5 of the Dungeon)
  5748 | D:6      | Reached skill level 5 in Shields
  5913 | D:6      | Reached skill level 1 in Short Blades
  7024 | D:7      | Noticed a hippogriff
  7038 | D:7      | Killed a hippogriff
  7038 | D:7      | Reached skill level 5 in Short Blades
  7038 | D:7      | Reached XP level 9. HP: 40/56 MP: 9/9
  7467 | D:7      | Found a transporter.
  7503 | D:7      | Noticed Prince Ribbit
  7510 | D:7      | Killed Prince Ribbit
  7555 | D:7      | Noticed a two-headed ogre
  7560 | D:7      | Killed a two-headed ogre
  7593 | D:7      | Found a transporter.
  7888 | D:8      | Noticed diana's ghost (novice DsGl)
  7978 | D:8      | Reached skill level 1 in Stealth
  7978 | D:8      | Reached XP level 10. HP: 61/63 MP: 10/10
  8041 | D:8      | Reached skill level 2 in Stealth
  8048 | D:8      | Reached skill level 3 in Stealth
  8082 | D:8      | Reached skill level 4 in Stealth
  8134 | D:8      | Noticed a two-headed ogre
  8143 | D:8      | Reached skill level 5 in Stealth
  8148 | D:8      | Killed a two-headed ogre
  8148 | D:8      | Reached skill level 7 in Stealth
  8315 | D:8      | Reached skill level 8 in Stealth
  8495 | D:8      | Reached skill level 9 in Stealth
  8524 | D:8      | Killed diana's ghost
  8524 | D:8      | Reached skill level 10 in Stealth
  8557 | D:8      | Found Ledaronao's Antique Weapon Shop.
  8585 | D:8      | Found an ornate altar of the Wu Jian Council.
  8817 | D:5      | Bought a +5 ring of protection for 660 gold pieces
  8822 | D:5      | Killed inc's ghost
  8979 | D:5      | Reached skill level 11 in Stealth
  9127 | D:9      | Noticed a two-headed ogre
  9130 | D:9      | Killed a two-headed ogre
  9130 | D:9      | Reached skill level 12 in Stealth
  9130 | D:9      | Reached XP level 11. HP: 67/67 MP: 11/11
  9181 | D:9      | Reached skill level 10 in Short Blades
  9416 | D:9      | Found a flagged portal.
  9425 | D:9      | Noticed a two-headed ogre
  9432 | D:9      | Noticed a two-headed ogre
  9433 | D:9      | Slain by a two-headed ogre

Skill      XL: |  1  2  3  4  5  6  7  8  9 10 11 |
---------------+----------------------------------+-----
Maces & Flails | 3 4 5 6 7 9 |  9.0
Shields        | 5 |  5.1
Short Blades   | 5 9 10 | 10.3
Stealth        | 1 12 | 12.4
Fighting       | |  3.0
Dodging        | |  3.0

Action                   |  1- 3 |  4- 6 |  7- 9 | 10-12 || total
-------------------------+-------+-------+-------+-------++-------
Melee: Flail             |    93 |   148 |    54 |       ||   295
       Constrict         |    20 |    35 |    26 |    13 ||    94
       Tentacles         |     9 |    35 |    34 |    21 ||    99
       Rapier            |       |       |    86 |   101 ||   187
  Use: Scroll            |       |    13 |    12 |     2 ||    27
       Potion            |       |     1 |     1 |       ||     2
 Stab: Sleeping          |     2 |     7 |    10 |     6 ||    25
       Distracted        |       |     1 |     2 |     2 ||     5
  Eat: Chunk             |     1 |     9 |       |       ||    10
       Ration            |       |     1 |     4 |       ||     5
Armor: Skin              |    15 |    11 |     7 |     5 ||    38
Dodge: Dodged            |    35 |    60 |    50 |    34 ||   179
Block: Shield            |    46 |    77 |    44 |    33 ||   200
